 Dungeon Crawl Stone Soup version 0.28-a0-1396-gdcb3f3653b (webtiles) character file.

Game seed: 8511175521887709552

22136 Peloso the Fencer (level 12, -16/112 HPs)
             Began as a Minotaur Fighter on Jan 5, 2022.
             Was a High Priest of Okawaru.
             Demolished by an ettin (23 damage)
             ... on level 1 of the Orcish Mines.
             The game lasted 00:23:28 (10763 turns).

Peloso the Fencer (Minotaur Fighter)               Turns: 10763, Time: 00:23:29

Health: -16/112    AC: 20    Str: 23    XL:     12   Next: 60%
Magic:  12/12      EV:  5    Int:  5    God:    Okawaru [*****.]
Gold:   1074       SH:  0    Dex: 13    Spells: 11/11 levels left

rFire   + + .      SeeInvis .   a - +0 falchion (vorpal)
rCold   . . .      Faith    .   c - +0 buckler of the Vestibule of Hell {Rampage rF++}
rNeg    . . .      Spirit   .   r - +2 chain mail {Will+}
rPois   .          Reflect  .   L - +2 hat {Will+}
rElec   .          Harm     .   l - scarf {repulsion}
rCorr   .          Rampage  +   s - +2 pair of gloves
Will    ++...                   (no boots)
Stlth   ..........              v - amulet of regeneration
HPRegen 1.08/turn               h - +4 ring of slaying
MPRegen 0.13/turn               (no ring)

@: held, repel missiles
A: horns 2, retaliatory headbutt
a: Renounce Religion, Heroism, Finesse, Duel


You were on level 1 of the Orcish Mines.
You worshipped Okawaru.
Okawaru was extremely pleased with you.
You visited 3 branches of the dungeon, and saw 16 of its levels.
You also visited: Ossuary.

You collected 1074 gold pieces.

Inventory:

Hand Weapons
 a - a +0 vorpal falchion (weapon)
Missiles
 P - a throwing net (quivered)
Armour
 b - a +3 plate armour
 c - the +0 buckler of the Vestibule of Hell (worn) {Rampage rF++}
   (Okawaru gifted it to you on level 1 of the Orcish Mines)

   rF:        It greatly protects you from fire.
   Rampage:   It bestows one free step when moving towards enemies.
 l - a scarf of repulsion (worn)
 r - a +2 chain mail of willpower (worn)
 s - a +2 pair of gloves (worn)
 H - the +2 hat of the Lost Path {Int+4 Stlth+}
   (Okawaru gifted it to you on level 1 of the Lair of Beasts)

   Int:       It affects your intelligence (+4).
   Stlth:     It makes you more stealthy.
 L - a +2 hat of willpower (worn)
Jewellery
 h - a +4 ring of slaying (left hand)
 k - a ring of magical power
 t - a ring of protection from fire
 v - an amulet of regeneration (around neck)
 B - an amulet of the acrobat
 I - a ring of protection from cold
Wands
 J - a wand of mindburst (12)
 M - a wand of polymorph (2)
 O - a wand of digging (6)
Scrolls
 e - a scroll of teleportation
 f - 2 scrolls of silence
 g - 2 scrolls of identify
 i - 2 scrolls of magic mapping
 o - a scroll of immolation
 p - 3 scrolls of fog
 q - 4 scrolls of blinking
 y - a scroll of noise
 A - a scroll of enchant weapon
 D - 3 scrolls of enchant armour
 E - a scroll of summoning
 N - 2 scrolls of vulnerability {unknown}
Potions
 d - 4 potions of might
 j - 3 potions of heal wounds
 m - 2 potions of mutation {unknown}
 n - 5 potions of haste {unknown}
 u - 3 potions of lignification {unknown}
 w - 3 potions of magic {unknown}
 x - a potion of curing {unknown}
 z - 3 potions of ambrosia {unknown}
 C - a potion of degeneration {unknown}
 G - 2 potions of invisibility
 K - 2 potions of brilliance {unknown}


   Skills:
 + Level 12.1 Fighting
 + Level 15.5 Long Blades
 + Level 12.9 Armour
 + Level 4.3 Dodging
 + Level 1.3 Stealth
 + Level 9.8 Shields
 + Level 2.1 Invocations
 + Level 0.2 Evocations


You had 11 spell levels left.
You didn't know any spells.
Your spell library contained the following spells:

 Spells                   Type           Power      Damage    Failure   Level
 Magic Dart               Conj           0%         1d3       95%         1
 Sandblast                Erth           0%         2d4       95%         1
 Corpse Rot               Necr/Air       0%         N/A       98%         2
 Passwall                 Tmut/Erth      0%         N/A       98%         2
 Searing Ray              Conj           0%         2d4       98%         2
 Static Discharge         Conj/Air       0%         N/A       98%         2
 Stone Arrow              Conj/Erth      0%         3d7       100%        3
 Dispel Undead            Necr           0%         3d6       100%        4
 Fulminant Prism          Conj/Hex       0%         3d6       100%        4
 Freezing Cloud           Conj/Ice/Air   0%         6-21      100%        5
 Lightning Bolt           Conj/Air       0%         1d11      100%        5
 Maxwell's Capacitive Co  Air            0%         ∞         100%        8
 Polar Vortex             Ice            0%         N/A       100%        9
 Death Channel            Necr           Unusable   N/A       N/A         6
 Simulacrum               Ice/Necr       Unusable   N/A       N/A         6

Dungeon Overview and Level Annotations

Branches:
Dungeon (12/15)            Temple (0/1) D:7            Lair (2/6) D:9
    Orc (2/2) D:10        Ossuary (visited)
  Swamp: Lair:2-4    Shoals: Lair:2-4     Snake: Lair:2-4    Spider: Lair:2-4
    Elf: Orc:2

Altars:
Ashenzari
Cheibriados
Fedhas
Gozag
Nemelex Xobeh
Okawaru
Ru
Trog
Wu Jian
Xom
The Shining One

Shops:
D:5 (

Portals:
Abyss: D:9

Annotations:
D:9 2 transporters, makewrite's ghost, journeyman MiBe
D:10 3 runed translucent doors, Conn's ghost, novice OpFE
Orc:1 Harold


Innate Abilities, Weirdness & Mutations

You have a pair of horns on your head.
You reflexively headbutt those who attack you in melee.


Message History

The orc shouts!
You hear a shout! x3
The ettin hits you with a +0 dire flail!
The ettin hits you but does no damage.
Harold throws a throwing net.
The throwing net hits you.
You become entangled in the net!
You stop descending the stairs.
The orc priest miscasts a cantrip.
The orc sorcerer points at you and mumbles some strange words.
The bolt of fire hits you. You resist.
An orc wizard comes into view. It is wielding a +0 dagger.
You struggle against the net.
The orc wizard shouts!
An orc wizard comes into view. It is wielding a +0 dagger.
The ettin hits you with a +0 dire flail!! x2
The orc sorcerer casts a spell at you.
The bolt of negative energy hits you but does no damage.
The orc wizard casts a spell.
The orc wizard flickers and vanishes!
Deactivating autopickup; reactivate with Ctrl-A.
You hear a shout!
Unknown command.
You struggle against the net.
The orc wizard points at you and mumbles some strange words.
The puff of flame hits you but does no damage.
You resist.
The ettin hits you with a +0 dire flail!!
* * * LOW HITPOINT WARNING * * *
The ettin hits you with a +0 dire flail!
* * * LOW HITPOINT WARNING * * *
The orc sorcerer gestures at you while chanting.
The bolt of fire hits you! You resist.
* * * LOW HITPOINT WARNING * * *
The bolt of fire hits the orc!!!
The orc dies!
Harold closely misses you.
The orc priest hits you but does no damage.
Unknown command.
You struggle against the net.
The orc warrior hits you but does no damage.
The ettin hits you with a +0 dire flail!!
You die...

...#..$## ###
#.....#. #
#..###...... .#
....#....$.#.##
#......o...$#..
...(.....O.....
#.....C.oo$....
....o.C@o......
...o....@......
#..............
#.##..oo.......
. ..h.....#....
..#...........
#o##.#........#
#. .....###.###


You could see Harold, 2 ettins, a warg, 2 orc sorcerers, 2 orc warriors, an
ogre, an orc priest, an orc wizard and 3 orcs.

Vanquished Creatures
  An orc warlord (D:10)
  2 two-headed ogres (D:11)
  A tengu warrior (D:10)
  Nergalle (Orc:1)
  2 orc knights
  An ugly thing (D:12)
  Pikel (D:4)
  2 orc sorcerers (Orc:1)
  A cyclops (D:9)
  An elephant (D:9)
  A black mamba (Lair:1)
  2 cane toads (Lair:1)
  Psyche (D:10)
  An unseen horror (D:12)
  A komodo dragon (Lair:1)
  A polar bear (Lair:1)
  4 trolls
  A hornet (D:9)
  2 blink frogs (Lair:1)
  A shadow (D:12)
  26 yaks
  A basilisk (D:9)
  4 wyverns
  3 steam dragons
  An acid dragon (D:10)
  A warg (D:10)
  6 water moccasins
  A sky beast (D:7)
  13 orc warriors
  3 ice beasts
  9 ogres
  2 black bears
  7 centaurs
  A lemure (D:4)
  2 kobold brigands
  3 elf zombies
  4 bullfrogs
  3 gnoll sergeants
  2 scorpions
  10 killer bees
  5 wights (D:9)
  6 howler monkeys
  5 centaur zombies
  A human zombie (D:5)
  A bullfrog zombie (D:6)
  3 jellies
  A bullfrog skeleton (D:6)
  A gnoll shaman (D:8)
  5 orc priests
  A centaur skeleton (D:5)
  4 human skeletons (D:5)
  Terence (D:3)
  2 iguanas
  13 orc wizards
  A killer bee zombie (D:6)
  A hound skeleton (D:5)
  2 mummies (Ossuary)
  A howler monkey zombie (D:8)
  A howler monkey skeleton (D:6)
  3 adders
  20 gnolls
  2 shadow imps
  An adder zombie (Ossuary)
  An adder skeleton (D:5)
  3 worms
  A dart slug (D:2)
  48 orcs
  2 bats (D:1)
  8 endoplasms
  4 giant cockroaches
  4 hobgoblins
  5 jackals (D:2)
  A ball python (D:4)
  3 frilled lizards
  5 goblins
  A goblin zombie (Ossuary)
  10 hobgoblin zombies (Ossuary)
  A jackal zombie (Ossuary)
  12 kobolds
  10 kobold zombies (Ossuary)
  5 orc zombies (Ossuary)
  2 rats
  3 rat zombies (Ossuary)
340 creatures vanquished.

Vanquished Creatures (others)
  An adder (D:6)
  3 orcs (Orc:1)
  4 fungi
  25 plants
33 creatures vanquished.

Grand Total: 373 creatures vanquished

Notes
Turn   | Place    | Note
-------+----------+-------------------------------------------
     0 | D:1      | Peloso the Minotaur Fighter began the quest for the Orb.
     0 | D:1      | Reached XP level 1. HP: 19/19 MP: 0/0
   195 | D:1      | Reached XP level 2. HP: 27/27 MP: 1/1
   874 | D:2      | Reached XP level 3. HP: 33/33 MP: 2/2
  1031 | D:2      | Found a sacrificial altar of Ru.
  1467 | D:3      | Noticed Terence
  1478 | D:3      | Killed Terence
  1479 | D:3      | Reached skill level 3 in Long Blades
  1479 | D:3      | Reached XP level 4. HP: 41/41 MP: 3/3
  1955 | D:4      | Reached skill level 4 in Long Blades
  2117 | D:4      | Found a bloodstained altar of Trog.
  2166 | D:4      | Noticed a lemure
  2179 | D:4      | Killed a lemure
  2248 | D:4      | Noticed Pikel
  2248 | D:4      | Noticed a lemure
  2260 | D:4      | Noticed a lemure
  2270 | D:4      | Killed Pikel
  2271 | D:4      | Reached skill level 5 in Fighting
  2271 | D:4      | Reached skill level 6 in Long Blades
  2271 | D:4      | Reached skill level 5 in Armour
  2271 | D:4      | Reached XP level 5. HP: 13/48 MP: 4/4
  2271 | D:4      | Reached XP level 6. HP: 16/56 MP: 5/5
  2271 | D:4      | Reached XP level 7. HP: 17/61 MP: 6/6
  2503 | D:4      | Found a blossoming altar of Fedhas.
  2505 | D:4      | Found a shimmering altar of Xom.
  3187 | D:4      | Found a sparkling altar of Nemelex Xobeh.
  3187 | D:4      | Found an iron altar of Okawaru.
  3376 | D:4      | Became a worshipper of Warmaster Okawaru
  3462 | D:5      | Entered Level 5 of the Dungeon
  3484 | D:5      | Identified the +3 ring mail of Fashionability {Dex+6}
  3640 | D:5      | Found a sand-covered staircase.
  3647 | Ossuary  | Entered an ossuary
  3660 | Ossuary  | Reached skill level 5 in Shields
  3772 | Ossuary  | Reached skill level 7 in Long Blades
  3803 | Ossuary  | Reached * piety under Okawaru
  3806 | Ossuary  | Reached XP level 8. HP: 71/71 MP: 7/7
  3825 | Ossuary  | Reached skill level 1 in Dodging
  3938 | D:5      | Reached skill level 8 in Long Blades
  4039 | D:5      | Found an ornate altar of the Wu Jian Council.
  4090 | D:5      | Reached skill level 9 in Long Blades
  4248 | D:5      | Found Kuwkepp's Weapon Shop.
  4521 | D:6      | Found a glowing golden altar of the Shining One.
  4695 | D:6      | Reached skill level 10 in Long Blades
  4695 | D:6      | Reached ** piety under Okawaru
  4696 | D:6      | Reached XP level 9. HP: 79/79 MP: 8/8
  4812 | D:6      | Found an opulent altar of Gozag.
  5321 | D:7      | Reached skill level 11 in Long Blades
  5364 | D:7      | Found a staircase to the Ecumenical Temple.
  5388 | D:7      | Reached *** piety under Okawaru
  5859 | D:8      | Reached XP level 10. HP: 54/88 MP: 9/9
  5866 | D:8      | Reached skill level 12 in Long Blades
  6275 | D:8      | Reached **** piety under Okawaru
  6424 | D:9      | Found a broken altar of Ashenzari.
  6516 | D:9      | Found a transporter.
  6518 | D:9      | Found a transporter.
  6519 | D:9      | Noticed a wizard
  6519 | D:9      | Noticed a purple very ugly thing
  6522 | D:9      | Noticed a thrashing horror
  6568 | D:9      | Found a one-way gate to the infinite horrors of the Abyss.
  6568 | D:9      | Noticed a toenail golem
  6585 | D:9      | Noticed a toenail golem
  6586 | D:9      | Noticed a toenail golem
  6586 | D:9      | Noticed makewrite's ghost (journeyman MiBe)
  6624 | D:9      | Reached skill level 13 in Long Blades
  6624 | D:9      | Reached skill level 10 in Armour
  6694 | D:9      | Noticed a cyclops
  6700 | D:9      | Killed a cyclops
  6700 | D:9      | Reached ***** piety under Okawaru
  6952 | D:9      | Noticed an elephant
  6973 | D:9      | Found a staircase to the Lair.
  6982 | Lair:1   | Entered Level 1 of the Lair of Beasts
  6982 | Lair:1   | Noticed a cane toad
  6989 | Lair:1   | Killed a cane toad
  6989 | Lair:1   | Received a gift from Okawaru
  7099 | Lair:1   | Reached XP level 11. HP: 98/99 MP: 10/10
  7155 | Lair:1   | You fall into a shaft and drop 1 floor!
  7205 | Lair:1   | Noticed a seven-headed hydra
  7253 | Lair:1   | Reached skill level 10 in Fighting
  7283 | Lair:1   | Identified the +2 hat of the Lost Path {Int+4 Stlth+}
                  | (Okawaru gifted it to you on level 1 of the Lair of Beasts)
  7283 | Lair:1   | Received a gift from Okawaru
  7345 | D:9      | Found a snail-covered altar of Cheibriados.
  7393 | D:9      | Reached skill level 1 in Invocations
  7395 | D:9      | Reached skill level 14 in Long Blades
  7842 | D:10     | Entered Level 10 of the Dungeon
  7842 | D:10     | Noticed Psyche
  7848 | D:10     | Killed Psyche
  7896 | D:10     | Found a staircase to the Orcish Mines.
  8166 | D:10     | Noticed a tengu warrior
  8184 | D:10     | Killed a tengu warrior
  8282 | D:10     | Found a runed translucent gate.
  8282 | D:10     | Found a runed translucent gate.
  8286 | D:10     | Found a runed translucent gate.
  8290 | D:10     | Noticed Conn's ghost (novice OpFE)
  8706 | D:11     | Reached skill level 1 in Stealth
  8711 | D:11     | Noticed a two-headed ogre
  8720 | D:11     | Killed a two-headed ogre
  9082 | D:11     | Noticed a two-headed ogre
  9090 | D:11     | Killed a two-headed ogre
  9297 | D:11     | Reached XP level 12. HP: 88/110 MP: 12/12
  9685 | D:12     | Received a gift from Okawaru
  9719 | D:12     | Reached skill level 15 in Long Blades
  9971 | D:12     | Noticed an eight-headed hydra
 10030 | Orc:1    | Entered Level 1 of the Orcish Mines
 10253 | Orc:1    | Noticed Nergalle
 10265 | Orc:1    | Killed Nergalle
 10334 | Orc:1    | Noticed an orc warlord
 10381 | D:10     | Killed an orc warlord
 10418 | Orc:1    | Identified the +0 buckler of the Vestibule of Hell {Rampage
                  | rF++} (Okawaru gifted it to you on level 1 of the Orcish
                  | Mines)
 10418 | Orc:1    | Received a gift from Okawaru
 10691 | Orc:2    | Entered Level 2 of the Orcish Mines
 10758 | Orc:1    | Noticed Harold
 10758 | Orc:1    | Noticed an ettin
 10758 | Orc:1    | Noticed an ettin
 10763 | Orc:1    | Demolished by an ettin

Illustrated notes

Levels and vault maps discovered:
D:1:      heliophobic_arrival_henge, layout_rooms
D:2:      layout_basic, basic_altar
D:3:      layout_rooms, serial_bayou, serial_bayou_pond_c, serial_bayou_pond_d,
          serial_bayou_lake_a, serial_bayou_shore_a, uniq_terence
D:4:      layout_loops_ring, gammafunk_temple_overflow_pools,
          mainiacjoe_overflow_tiny_flanked,
          chequers_temple_overflow_statue_of_worship, uniq_pikel
D:5:      layout_cave_pools, nicolae_wu_jian_wuxing_cycle,
          nicolae_ossuary_entry_catacombs, serial_shops,
          nicolae_shop_bloodbath_and_beyond
D:6:      minmay_chambers_of_threes, layout_basic,
          nicolae_gozag_cash_rules_everything_around_me, tso_metal_star
D:7:      layout_basic, minmay_temple_entry_statues_fountains
D:8:      layout_basic
D:9:      layout_cave_pods, cheibrodos_ashenzari_chains,
          mainiacjoe_overflow_chevrons, david_lair_generic,
          gammafunk_ghost_abyssal_escape
D:10:     layout_loops_ring, david_orc_2, gammafunk_ghost_spectres, uniq_psyche
D:11:     layout_basic, minmay_misc_feat_hallway
D:12:     layout_cave_pools, hangedman_decor_peaks_small, lemuel_blue_sif_altar
Lair:1:   layout_loops_ring, uniq_fannar, uniq_erica
Lair:2:   layout_regular_city, cheibrodos_lair_lostbears
Orc:1:    layout_caves, uniq_nergalle, uniq_harold
Orc:2:    pf_orc_diabolical, layout_diamond_mine

Skill      XL: |  1  2  3  4  5  6  7  8  9 10 11 12 |
---------------+-------------------------------------+-----
Armour         | 4 5 6 7 9 10 11 12 | 12.9
Fighting       | 4 5 6 7 8 9 11 12 | 12.1
Shields        | 4 5 6 7 8 9 |  9.8
Long Blades    | 3 6 7 10 11 13 14 15 | 15.5
Dodging        | 1 2 3 4 |  4.3
Invocations    | 1 2 |  2.1
Stealth        | 1 |  1.3
Evocations     | |  0.2

Action                   |  1- 3 |  4- 6 |  7- 9 | 10-12 || total
-------------------------+-------+-------+-------+-------++-------
Melee: Long sword        |    47 |    43 |   342 |   402 ||   834
       Headbutt          |     4 |     7 |    74 |   165 ||   250
       Falchion          |       |       |       |   201 ||   201
Invok: Heroism           |       |       |     1 |    11 ||    12
Evoke: Wand              |       |       |       |     2 ||     2
  Use: Scroll            |     4 |       |     4 |     6 ||    14
       Potion            |       |       |       |     2 ||     2
Armor: Scale mail        |    21 |       |       |       ||    21
       Chain mail        |    10 |    18 |   189 |   283 ||   500
Dodge: Dodged            |    22 |     7 |   110 |   250 ||   389
       Repelled          |       |       |     1 |     2 ||     3
Block: Buckler           |    10 |     7 |    71 |   168 ||   256

Table legend: (Time is in decaauts)
 A = Elapsed time spent in this place.
 B = Non-inter-level travel time spent in this place.
 C = Inter-level travel time spent in this place.
 D = Time resting spent in this place.
 E = Time spent auto-exploring this place.
 F = Levels seen in this place.
 G = Mean time per level.
                   A        B        C        D        E       F      G
               +--------+--------+--------+--------+--------+-----+--------+
         Total |  10612 |  10060 |    552 |     64 |   7287 |  17 |  624.2 |
       Dungeon |   9381 |   8830 |    551 |      9 |   6727 |  12 |  781.8 |
          Lair |    336 |    336 |      0 |     55 |     90 |   2 |  168.0 |
  Orcish Mines |    627 |    627 |      0 |      0 |    402 |   2 |  313.5 |
       Ossuary |    267 |    267 |      0 |      0 |     68 |   1 |  267.0 |
               +--------+--------+--------+--------+--------+-----+--------+

Top non-repeatable levels by time:
     D:4: 1524 daAuts
     D:9: 1082 daAuts
    D:10: 909 daAuts
     D:6: 889 daAuts
    D:11: 868 daAuts
     D:2: 864 daAuts
     D:3: 699 daAuts
     D:5: 689 daAuts
     D:8: 613 daAuts
   Orc:1: 562 daAuts
     D:1: 430 daAuts
     D:7: 421 daAuts
    D:12: 389 daAuts
  Lair:1: 330 daAuts
 Ossuary: 267 daAuts
